Map: Turbo Cruise '84 LE

Players

Mez

  • Race: Terran Terran
  • League: Master
  • Spawn Location: 3:00

llllllllllll - Winner!

  • Race: Protoss Protoss
  • League: Master
  • Spawn Location: 7:00

VOD

Have the link to the VOD?

Description

Time

  • Played on: Aug. 13, 2019, 11:57 a.m.
  • Length: 10:17
Show
View Real Time Build Order
Export as new Build Order

Mez Terran 

Build Orders: Reaper Expand 

Get SALT Encoding   

  12  0:01  SCV  
  13  0:13  SCV  
  14  0:17  Supply Depot  
  14  0:25  SCV  
  15  0:39  SCV  
  15  0:42  Barracks  
  16  0:45  Refinery  
  16  0:51  SCV  
  17  1:03  SCV  
  18  1:15  SCV  
  19  1:30  Reaper, Orbital Command  
  20  1:45  Command Center  
  20  1:54  Bunker  
  20  1:58  SCV  
  21  2:02  Barracks Reactor  
  21  2:07  Supply Depot  
  21  2:10  SCV  
  22  2:22  SCV  
  23  2:37  Command Center  
  23  2:39  SCV, Marine  
  25  2:47  Factory  
  25  2:52  SCV  
  25  2:57  Orbital Command  
  26  3:02  Marine x2  
  28  3:09  SCV  
  29  3:20  Marine x2  
  29  3:21  SCV  
  29  3:24  SCV  
  29  3:27  Refinery  
  33  3:33  Widow Mine, SCV  
  33  3:34  Starport  
  36  3:36  SCV  
  36  3:41  Marine x2  
  39  3:45  SCV  
  40  3:48  SCV  
  40  3:55  Orbital Command  
  41  3:57  Widow Mine, SCV  
  41  3:59  Refinery  
  41  4:01  SCV  
  45  4:09  Marine x2  
  46  4:10  SCV  
  46  4:11  Starport Tech Lab  
  46  4:13  SCV  
  49  4:21  Factory Tech Lab  
  49  4:22  SCV  
  49  4:23  SCV  
  51  4:25  SCV  
  51  4:27  Supply Depot  
  52  4:34  SCV  
  52  4:35  SCV  
  52  4:37  SCV, Marine x2, Supply Depot  
  57  4:38  Raven  
  57  4:43  Barracks  
  59  4:48  Siege Tank, SCV x2  
  64  4:54  Barracks  
  64  4:58  Supply Depot  
  64  5:04  Marine x2  
  64  5:05  SCV x3  
  69  5:07  Refinery  
  69  5:12  Engineering Bay  
  69  5:14  Engineering Bay  
  69  5:18  SCV x2, Supply Depot  
  71  5:21  Siege Tank  
  71  5:22  Marine  
  71  5:26  SCV  
  76  5:29  Starport Reactor  
  76  5:30  SCV  
  76  5:31  SCV  
  78  5:38  SCV  
  78  5:42  SCV  
  80  5:43  SCV  
  80  5:47  Barracks  
  80  5:48  Terran Infantry Armor Level 1, Terran Infantry Weapons Level 1  
  81  5:52  Barracks  
  81  5:55  Stimpack  
  81  5:58  Marine x2, Marauder  
  81  6:04  Factory Reactor  
  83  6:16  Orbital Command  
  80  6:26  SCV x2  
  80  6:27  Marine x2, Marauder  
  80  6:28  Marauder  
  80  6:32  Combat Shield  
  88  6:33  Medivac x2  
  88  6:37  Barracks Reactor  
  92  6:40  SCV, Barracks Tech Lab  
  94  6:47  SCV  
  94  6:49  Marauder  
  94  6:50  Marine x2, Marauder  
  94  6:51  Refinery  
  100  6:55  Supply Depot  
  100  6:57  Supply Depot x2  
  100  6:58  Missile Turret  
  100  6:59  Widow Mine x2  
  100  7:00  Missile Turret  
  100  7:01  SCV x3  
  107  7:09  Armory  
  107  7:10  Marauder  
  109  7:16  Concussive Shells  
  109  7:17  SCV x3, Marine, Marauder x2  
  109  7:21  Supply Depot  
  117  7:23  Supply Depot x2  
  117  7:24  Widow Mine x2  
  117  7:25  Medivac x2  
  125  7:32  Marine x3, Marauder  
  130  7:39  Marauder  
  130  7:40  SCV  
  130  7:42  Marine  
  130  7:43  SCV x2, Marauder  
  138  7:51  Marine x2  
  140  7:52  Widow Mine  
  140  7:53  SCV  
  140  7:54  Marauder  
  140  7:56  Terran Infantry Weapons Level 2  
  145  8:00  Marauder  
  145  8:01  Refinery  
  145  8:04  Marauder  
  149  8:06  Marine  
  149  8:07  Medivac  
  149  8:08  Medivac  
  149  8:09  Supply Depot  
  149  8:11  Supply Depot  
  154  8:12  Supply Depot  
  137  8:36  Marine  
  137  8:37  Marauder x2  
  137  8:41  Viking x2, Marauder  
  126  8:45  Ghost Academy  
  126  8:48  Starport  
  116  8:53  Marine x3  
  116  8:55  Widow Mine x2  
  110  8:58  Marauder x2  
  110  9:02  Marauder  
  116  9:05  Marine  
  117  9:10  Marine  
  117  9:11  Barracks x2  
  117  9:14  Barracks  
  118  9:19  Viking  
  118  9:20  Marauder x2  
  118  9:24  Viking, Command Center, Marauder  
  128  9:31  Marine x2  
  128  9:32  Viking  
  128  9:34  Viking  
  128  9:35  Marine  
  129  9:58  Marine x2  
Show
View Real Time Build Order
Export as new Build Order

llllllllllll Protoss - Winner!

Build Orders: 1 Gate Expand, Archon Immortal, Blink Stalkers, Colossus Rush 

Get SALT Encoding   

  12  0:01  Probe  
  13  0:13  Probe  
  14  0:20  Pylon  
  14  0:25  Probe  
  15  0:35  Probe  
  15  0:38  Gateway  
  16  0:43  Probe  
  16  0:49  Assimilator  
  17  0:52  Probe  
  18  1:04  Probe  
  19  1:16  Probe  
  20  1:25  Nexus  
  20  1:36  Cybernetics Core  
  20  1:39  Probe  
  21  1:44  Assimilator  
  21  1:51  Probe  
  22  1:54  Pylon  
  22  2:03  Adept, Probe  
  23  2:14  Warp Gate  
  25  2:17  Probe  
  26  2:28  Probe  
  27  2:33  Probe  
  27  2:34  Sentry  
  27  2:36  Probe  
  30  2:41  Probe  
  31  2:44  Probe  
  31  2:45  Twilight Council  
  33  2:51  Probe  
  33  2:55  Probe  
  34  3:00  Stalker  
  34  3:03  Probe  
  37  3:08  Probe  
  37  3:09  Gateway  
  37  3:12  Probe  
  38  3:17  Blink  
  39  3:20  Probe x2  
  39  3:21  Pylon  
  41  3:29  Probe  
  41  3:32  Probe  
  43  3:41  Probe  
  43  3:44  Probe  
  43  3:45  Robotics Facility  
  45  3:49  Assimilator  
  45  3:54  Probe  
  46  3:56  Probe  
  47  4:06  Probe, Nexus  
  47  4:08  Probe  
  47  4:09  Pylon  
  49  4:18  Probe  
  49  4:19  Forge  
  49  4:20  Probe  
  51  4:28  Probe  
  51  4:30  Probe  
  52  4:31  Assimilator  
  52  4:33  Observer  
  52  4:36  Probe  
  54  4:40  Protoss Ground Armor Level 1  
  54  4:42  Probe  
  54  4:43  Robotics Facility  
  56  4:46  Stalker  
  56  4:47  Stalker, Probe  
  56  4:49  Robotics Bay  
  61  4:54  Probe  
  62  5:04  Pylon  
  62  5:06  Gateway  
  62  5:07  Gateway  
  62  5:17  Assimilator, Observer, Probe  
  62  5:18  Probe x2  
  62  5:19  Assimilator  
  65  5:24  Pylon  
  66  5:28  Gateway  
  66  5:30  Probe x3, Charge  
  69  5:37  Stalker  
  69  5:39  Extended Thermal Lance  
  69  5:42  Probe x3  
  74  5:44  Sentry, Colossus  
  76  5:54  Probe x2  
  78  6:01  Pylon  
  78  6:02  Pylon  
  78  6:03  Gateway  
  85  6:04  Probe  
  85  6:10  Probe  
  85  6:11  Probe  
  87  6:21  Colossus  
  87  6:25  Zealot x4  
  91  6:28  Protoss Ground Weapons Level 1  
  91  6:29  Probe x2  
  91  6:31  Pylon  
  91  6:32  Pylon  
  103  6:33  Probe  
  103  6:37  Pylon  
  104  6:47  Colossus  
  104  6:52  Probe x2, Forge  
  112  6:55  Pylon  
  112  7:00  Probe  
  113  7:06  Stalker x3  
  119  7:10  Pylon  
  119  7:19  Immortal, Protoss Ground Armor Level 2, Gateway  
  119  7:20  Gateway  
  123  7:29  Nexus  
  121  7:33  Pylon  
  121  7:37  Zealot x3  
  127  7:49  Templar Archives  
  127  7:56  Pylon  
  127  7:57  Probe, Dark Shrine  
  128  8:00  Immortal  
  128  8:03  Immortal  
  136  8:18  Zealot  
  136  8:19  Zealot x3  
  130  8:39  Immortal  
  126  8:42  Warp Prism  
  123  8:54  Zealot x6  
  131  8:58  Stalker x2  
  131  9:01  Probe  
  136  9:03  Assimilator  
  136  9:06  Assimilator  
  136  9:09  Pylon, Stargate  
  136  9:17  Dark Templar x3  
  136  9:18  Disruptor x2  
  148  9:26  High Templar x4  
  148  9:27  Zealot  
  148  9:31  Probe, Gateway  
  160  9:32  Gateway  
  160  9:35  Archon  
  159  9:54  Archon  
  159  9:57  Zealot x4  
  159  9:59  Nexus  
Tags
 
Add a new tag
Caveats
  • Supply blocks, unpowered buildings, or Contaminate may cause inaccurate times.
  • Supply counts are checked every 10 seconds.